 Dungeon Crawl Stone Soup version 0.19-a0-823-gd955774 (webtiles) character file.

45 JeffiDaFish the Magician (level 3, -2/24 HPs)
             Began as a Demonspawn Wizard on June 30, 2016.
             Slain by Terence
             ... wielding a +0 mace
              (7 damage)
             ... on level 2 of the Dungeon.
             The game lasted 00:23:48 (2508 turns).

JeffiDaFish the Magician (Demonspawn Wizard)        Turns: 2508, Time: 00:23:48

Health: -2/24      AC:  2    Str:  7    XL:     3   Next: 42%
Magic:  7/8        EV:  7    Int: 20    God:
Gold:   122        SH:  0    Dex: 11    Spells: 1 memorised, 8 levels left

rFire  + . .     SeeInvis .     e - +0 hunting sling
rCold  . . .     Gourm    .     a - +0 robe
rNeg   . . .     Faith    .     (no shield)
rPois  .         Spirit   .     b - +0 hat
rElec  .         Dismiss  .     (no cloak)
rCorr  .         Reflect  .     (no gloves)
SustAt .         Harm     .     (no boots)
MR     .....                    (no amulet)
Stlth  ++........               (no ring)
                                (no ring)

@: not resistant to hostile enchantments, unstealthy
A: fire resistance 1
a: no special abilities


You were on level 2 of the Dungeon.
You were not hungry.

You visited 1 branch of the dungeon, and saw 2 of its levels.

You collected 122 gold pieces.

Inventory:

Hand Weapons
 e - a +0 hunting sling (weapon)
Missiles
 f - 50 stones (quivered)
 j - 25 bolts
 p - 26 arrows
 q - 7 poisoned needles
Armour
 a - a +0 robe (worn)
 b - a +0 hat (worn)
 r - a +0 shield
Scrolls
 g - 2 scrolls of identify {unknown}
 i - a scroll of immolation
 o - a scroll of amnesia {unknown}
Potions
 h - 2 potions of cancellation {unknown}
 k - a potion of cure mutation {unknown}
 l - 4 potions of curing {unknown}
Books
 c - a book of Minor Magic

   Spells                             Type                      Level
   a - Magic Dart                     Conjuration                  1
   b - Blink                          Translocation                2
   c - Call Imp                       Summoning                    2
   d - Repel Missiles                 Charms/Air                   2
   e - Slow                           Hexes                        2
   f - Conjure Flame                  Conjuration/Fire             3
   g - Mephitic Cloud                 Conjuration/Poison/Air       3
Comestibles
 d - 3 bread rations
 m - 2 chunks of flesh
 n - a beef jerky


   Skills:
 + Level 0.6 Slings
 + Level 2.0 Dodging
 + Level 2.1 Stealth
 + Level 3.8 Spellcasting
 + Level 1.3 Conjurations
   Level 1.0 Summonings
   Level 0.8 Translocations


You had 8 spell levels left.
You knew the following spells:

 Your Spells              Type           Power        Failure   Level  Hunger
a - Magic Dart            Conj           #...         10%         1    None


Dungeon Overview and Level Annotations

Branches:
Dungeon (2/15)

Altars:
Sif Muna
Trog

Annotations:
D:2 Terence


Innate Abilities, Weirdness & Mutations

Your flesh is heat resistant. (rF+)


Message History

The magic dart hits Terence.
Terence hits you with a mace! Terence looks scornfully at you.
As you read the scroll of immolation, it crumbles to dust.
The creatures around you are filled with an inner flame!
Terence hits you with a mace!
Casting: Magic Dart
Confirm with . or Enter, or press ? or * to list all spells.
Aiming: Magic Dart
Press: ? - help, Shift-Dir - straight line, f/p - Terence
Aim: Terence, wielding a mace and wearing a chain mail (inner flame)
The magic dart hits Terence.
Terence is lightly wounded.
Terence hits you with a mace.
* * * LOW HITPOINT WARNING * * *
Terence misses you. Terence hits you but does no damage.
Terence hits you but does no damage.
There is a stone staircase leading down here.
Terence hits you with a mace!
You die...

.#### ##.....## ### #.# .#
##...###### ##.# .####
##'##....# #..# ### ....#
#.##.##.# #.## #.. ....#
#.##.##.# #.# #.# ....##
##.##.##.# #.# # .....#
##......#.# #.# .....#
####.......#.######.# #.##.#
#.......@@..........#
#.##.###.###..##....########
#.............##.####
####.###[####.##.# #.# #.#
#.##.# ####.# #.####.##.#
.....# #.........# ######
######.#### #.#


You could see Terence (inner flame).

Vanquished Creatures
  An ooze (D:1)
  3 dart slugs (D:1)
  A giant cockroach (D:1)
  3 goblins
  7 hobgoblins
  2 jackals (D:2)
  3 bats (D:1)
  5 giant newts (D:1)
  3 kobolds
  6 rats
34 creatures vanquished.

Notes
Turn   | Place    | Note
--------------------------------------------------------------
     0 | D:1      | JeffiDaFish the Demonspawn Wizard began the quest for the Orb.
     0 | D:1      | Reached XP level 1. HP: 13/13 MP: 4/4
   309 | D:1      | Gained mutation: Your flesh is heat resistant. (rF+) [demonic ancestry]
   309 | D:1      | Reached XP level 2. HP: 5/19 MP: 0/6
  1461 | D:1      | Reached XP level 3. HP: 24/24 MP: 5/8
  1727 | D:2      | Found a deep blue altar of Sif Muna.
  1929 | D:2      | Found a bloodstained altar of Trog.
  2468 | D:2      | Noticed Terence
  2508 | D:2      | Slain by Terence

Vault maps used:
D:1:      dpeg_arrival_connections
D:2:      lemuel_round_altar, bloody_trog, uniq_terence

Skill      XL: |  1  2  3 |
---------------+----------+-----
Stealth        | 2 |  2.1
Dodging        | 2 |  2.0
Slings         | |  0.6
Spellcasting   | |  3.8
Conjurations   | |  1.3
Summonings     | |  1.0
Translocations | |  0.8

Action                   || total
-------------------------++-------
Melee: Hunting sling     ||     7
 Fire: Hunting sling     ||    18
 Cast: Magic Dart        ||    90
  Use: Scroll            ||     2
  Eat: Chunk             ||     5
Armor: Robe              ||     9
Dodge: Dodged            ||    31
